 Dungeon Crawl Stone Soup version 0.31-a0-690-g7ce4588941 (webtiles) character file.

Game seed: 12030008493926239021

236 Descartes the Shield-Bearer (level 6, -5/49 HPs)
             Began as a Formicid Fighter on Sept 6, 2023.
             Slain by a kobold brigand
             ... wielding a +0 dagger of speed
              (6 damage)
             ... on level 4 of the Dungeon.
             The game lasted 00:03:29 (2316 turns).

Descartes the Shield-Bearer (Formicid Fighter)      Turns: 2316, Time: 00:03:29

Health: -5/49      AC:  9    Str: 22    XL:     6   Next: 27%
Magic:  6/6        EV:  8    Int:  8    God:
Gold:   203        SH:  5    Dex: 13    Spells: 5/5 levels left

rFire   . . .        a - +0 war axe
rCold   . . .        c - +0 buckler
rNeg    . . .        e - +0 chain mail
rPois   .            (helmet unavailable)
rElec   .            (no cloak)
rCorr   .            (no gloves)
SInv    +            (no boots)
Will    .....        (no amulet) Stlth
                     (no ring)
HPRegen 0.28/turn    (no ring)
MPRegen 0.10/turn

%: no passive effects
@: no status effects
A: permanent stasis, dig shafts and tunnels, antennae 3, four strong arms
a: Dig, Shaft Self


You were on level 4 of the Dungeon.
You visited 1 branch of the dungeon, and saw 4 of its levels.

You collected 203 gold pieces.

Inventory:

Hand Weapons
 a - a +0 war axe (weapon)
Missiles
 j - 5 silver javelins
 k - 6 javelins
 l - 3 poisoned darts
Armour
 b - a +0 scale mail
 c - a +0 buckler (worn)
 e - a +0 chain mail (worn)
Jewellery
 g - an amulet of magic regeneration
Scrolls
 h - 4 scrolls of identify {unknown}
 i - a scroll of teleportation {unknown}
 o - a scroll of vulnerability {unknown}
Potions
 d - 2 potions of might
 n - a potion of berserk rage {unknown}


   Skills:
 + Level 4.5 Fighting
 + Level 3.4 Axes
 + Level 4.5 Armour
 + Level 5.5 Shields


You had 5 spell levels left.
You didn't know any spells.
Your spell library contained the following spells:

 Spells                   Type           Power      Damage    Failure   Level
 Ozocubu's Armour         Ice            0%         N/A       100%        3
 Ozocubu's Refrigeration  Ice            0%         4d7       100%        7


Dungeon Overview and Level Annotations

Branches:
Dungeon (4/15)
 Temple: D:4-7

Altars:

Shops:
D:4 =


Innate Abilities, Weirdness & Mutations

You cannot be hasted, slowed, berserked, paralysed or teleported.
You can dig through walls and to a lower floor.
You have a pair of large antennae on your head. (SInv)
Your four strong arms can wield two-handed weapons with a shield.


Message History

The kobold brigand hits you but does no damage. x2
Unknown command.
You barely miss the kobold brigand.
The kobold brigand is heavily wounded.
The kobold brigand hits you with a +0 dagger of speed.
* * * LOW HITPOINT WARNING * * *
The kobold brigand hits you but does no damage.
You hit the kobold brigand but do no damage.
The kobold brigand is heavily wounded.
You block the kobold brigand's attack.
The kobold brigand hits you with a +0 dagger of speed.
* * * LOW HITPOINT WARNING * * *
Unknown command.
You closely miss the kobold brigand.
The kobold brigand is heavily wounded.
The kobold brigand hits you but does no damage.
The kobold brigand closely misses you.
It was a potion of cancellation.
You feel magically purged.
The kobold brigand hits you but does no damage. x2
You miss the kobold brigand.
The kobold brigand is heavily wounded.
The kobold brigand hits you but does no damage. x2
You barely miss the kobold brigand.
The kobold brigand is heavily wounded.
The kobold brigand closely misses you.
The kobold brigand hits you with a +0 dagger of speed.
* * * LOW HITPOINT WARNING * * *
Unknown command.
It was a potion of curing.
You feel better.
The kobold brigand hits you with a +0 dagger of speed.
* * * LOW HITPOINT WARNING * * *
You barely miss the kobold brigand.
The kobold brigand is heavily wounded.
The kobold brigand hits you but does no damage.
The kobold brigand hits you with a +0 dagger of speed.
* * * LOW HITPOINT WARNING * * *
You slash the kobold brigand!
The kobold brigand is almost dead.
The kobold brigand hits you with a +0 dagger of speed.
You die...

####### #~~~~~# ~~~≈~
####### #### ≈≈≈
###.....##
#/$..###≈######........)
#=!...K###.......#####.)
#.)@.......###≈≈≈###
###...######~≈≈≈~~~~
##### ~~~~~~~~#
#...~~~... #..#.##
.......#... ........
#..#.....)# .........#
#.##.).# ......#
.......... ####.)
........ #.......#
##.....


You could see a kobold brigand.

Vanquished Creatures
  A kobold brigand (D:4)
  A hound (D:2)
  An iguana (D:4)
  4 adders (D:2)
  2 worms
  7 orcs
  4 bats
  7 endoplasms
  3 giant cockroaches
  3 goblins
  8 hobgoblins
  3 jackals
  10 kobolds
  A quokka (D:2)
  5 ball pythons
  3 frilled lizards
  4 rats
67 creatures vanquished.

Notes
Turn   | Place    | Note
-------+----------+-------------------------------------------
     0 | D:1      | Descartes the Formicid Fighter began the quest for the Orb.
     0 | D:1      | Reached XP level 1. HP: 18/18 MP: 1/1
   118 | D:1      | Reached XP level 2. HP: 13/24 MP: 2/2
   334 | D:1      | Reached XP level 3. HP: 18/29 MP: 3/3
   602 | D:2      | Reached XP level 4. HP: 37/37 MP: 4/4
   963 | D:2      | Reached XP level 5. HP: 42/42 MP: 5/5
  1060 | D:2      | Reached skill level 5 in Shields
  1117 | D:2      | Found a faded altar of an unknown god.
  2011 | D:4      | Found Soithit's Jewellery Boutique.
  2285 | D:4      | Noticed a kobold brigand
  2286 | D:4      | Noticed a kobold brigand
  2295 | D:4      | Killed a kobold brigand
  2296 | D:4      | Reached XP level 6. HP: 27/49 MP: 6/6
  2313 | D:4      | HP: 1/49 [kobold brigand/+0 dagger of speed (5)]
  2316 | D:4      | Slain by a kobold brigand

Illustrated notes

Levels and vault maps discovered:
D:1:      noname_arrival_rooms_in_the_neighbourhood, layout_rooms
D:2:      layout_loops_ring, ebering_ecumenical_altar_rust
D:3:      kennysheep_big_flooded_room, layout_loops_ring,
          minmay_stone_trees_small
D:4:      cheibrodos_thug_alley, layout_cave_pools,
          pdpol_wu_jian_five_deadly_venoms, serial_shops, shop

Skill      XL: |  1  2  3  4  5 |
---------------+----------------+-----
Armour         | 4 |  4.5
Fighting       | 4 |  4.5
Shields        | 5 |  5.5
Axes           | 3 |  3.4

Action                     |  1- 3 |  4- 6 || total
---------------------------+-------+-------++-------
  Melee: War axe           |    44 |   158 ||   202
    Use: Potion            |       |     2 ||     2
 Armour: Scale mail        |    10 |       ||    10
         Chain mail        |    37 |   137 ||   174
  Dodge: Dodged            |    14 |    60 ||    74
  Block: Buckler           |    10 |    45 ||    55

Table legend: (Time is in decaauts)
 A = Elapsed time spent in this place.
 B = Non-inter-level travel time spent in this place.
 C = Inter-level travel time spent in this place.
 D = Time resting spent in this place.
 E = Time spent auto-exploring this place.
 F = Levels seen in this place.
 G = Mean time per level.
                   A        B        C        D        E       F      G
               +--------+--------+--------+--------+--------+-----+--------+
         Total |   2393 |   2320 |     73 |      0 |   1790 |   4 |  598.2 |
       Dungeon |   2393 |   2320 |     73 |      0 |   1790 |   4 |  598.2 |
               +--------+--------+--------+--------+--------+-----+--------+

Top non-repeatable levels by time:
     D:2: 734 daAuts
     D:3: 730 daAuts
     D:1: 600 daAuts
     D:4: 329 daAuts
